EL
BIRMINGHAM BARONS @ AKRON RUBBERDUCKS
08/31/2048
 
TOP OF THE 1ST
Birmingham Barons batting - Pitching for Akron RubberDucks : RHP Chris DeVall
Pitching: RHP Chris DeVall
Batting: LHB Dalton Silveira 0-0: Ball
1-0: Foul Ball, location: 2F
1-1: Swinging Strike
1-2: Fly out, F7 (Flyball, 7, EV 91.2 MPH)
Batting: LHB Larry Myers 0-0: Ball
1-0: Called Strike
1-1: Foul Ball, location: 2F
1-2: Ground out U3 (Groundball, 3, EV 102.5 MPH)
Batting: LHB Matt Hyde 0-0: Fly out, F9 (Flyball, 9, EV 88.8 MPH)
Top of the 1st over - 0 runs, 0 hits, 0 errors, 0 left on base; Birmingham 0 - Akron 0
BOTTOM OF THE 1ST
Akron RubberDucks batting - Pitching for Birmingham Barons : RHP Matt Constantino
Pitching: RHP Matt Constantino
Batting: RHB Mitch Boyd 0-0: Called Strike
0-1: Ball
1-1: Ground out 6-3 (Groundball, P, EV 86.2 MPH)
Batting: RHB Justin Lauderdale 0-0: Ball
1-0: Ball
2-0: Ball
3-0: Base on Balls
Batting: SHB Valentin Laporte 0-0: Called Strike
0-1: Called Strike
0-2: Ball
1-2: Foul Ball, location: 2F
1-2: Ball
2-2: Ball
3-2: Foul Ball, location: 2F
3-2: SINGLE (Groundball, 34S, EV 63.8 MPH) (infield hit)
Justin Lauderdale to second
Batting: LHB Esteban Cordova 0-0: Foul Ball, location: 2F
0-1: Ball
1-1: SINGLE (Flyball, 7S, EV 92.5 MPH)
Justin Lauderdale to third
Valentin Laporte to second
Batting: RHB Tristan Wright 0-0: Foul Ball, location: 2F
0-1: Fielders Choice at 2nd, 6-4 (Groundball, 56, EV 101.9 MPH)
Justin Lauderdale scores
Valentin Laporte to third
Batting: RHB Joeri Plas 0-0: Ball
1-0: Called Strike
1-1: Ball
2-1: Called Strike
2-2: Ball
3-2: Fly out, F7 (Flyball, 78M, EV 91.9 MPH)
Bottom of the 1st over - 1 run, 2 hits, 0 errors, 2 left on base; Birmingham 0 - Akron 1
TOP OF THE 2ND
Birmingham Barons batting - Pitching for Akron RubberDucks : RHP Chris DeVall
Batting: RHB Josiah Wright 0-0: Ball
1-0: Called Strike
1-1: Ball
2-1: Ball
3-1: Foul Ball, location: 2F
3-2: Foul Ball, location: 2F
3-2: Base on Balls
Batting: RHB Mike Savage 0-0: Fielders Choice at 2nd, 5-4 (Groundball, 5, EV 80.0 MPH)
Batting: RHB Kevin Chafe 0-0: Called Strike
0-1: Called Strike
Mike Savage is caught stealing 2nd base 2-4
0-2: Ball
1-2: Foul Ball, location: 2F
1-2: Fly out, F8 (Flyball, 8LS, EV 91.2 MPH)
Top of the 2nd over - 0 runs, 0 hits, 0 errors, 0 left on base; Birmingham 0 - Akron 1
BOTTOM OF THE 2ND
Akron RubberDucks batting - Pitching for Birmingham Barons : RHP Matt Constantino
Batting: RHB Charles Marcel 0-0: Ball
1-0: Ball
2-0: Foul Ball, location: 2F
2-1: Ball
3-1: Ground out 5-3 (Groundball, 56, EV 81.9 MPH)
Batting: SHB Javon Mitchell 0-0: Ball
1-0: Swinging Strike
1-1: Called Strike
1-2: Strikes out swinging
Batting: RHB George Wagner 0-0: Ball
1-0: Foul Ball, location: 2F
1-1: Foul Ball, location: 2F
1-2: Ground out 4-3 (Groundball, 4, EV 85.0 MPH)
Bottom of the 2nd over - 0 runs, 0 hits, 0 errors, 0 left on base; Birmingham 0 - Akron 1
TOP OF THE 3RD
Birmingham Barons batting - Pitching for Akron RubberDucks : RHP Chris DeVall
Batting: RHB Toichiro Fujimoto 0-0: Ball
1-0: Swinging Strike
1-1: Ball
2-1: Called Strike
2-2: Foul Ball, location: 2F
2-2: Strikes out swinging
Batting: SHB Josh Conner 0-0: Ball
1-0: Swinging Strike
1-1: Swinging Strike
1-2: Strikes out swinging
Batting: RHB John Iddings 0-0: Called Strike
0-1: Ball
1-1: Called Strike
1-2: Ball
2-2: Ball
3-2: Strikes out swinging
Top of the 3rd over - 0 runs, 0 hits, 0 errors, 0 left on base; Birmingham 0 - Akron 1
BOTTOM OF THE 3RD
Akron RubberDucks batting - Pitching for Birmingham Barons : RHP Matt Constantino
Batting: RHB Mitch Boyd 0-0: Ball
1-0: Foul Ball, location: 2F
1-1: Ball
2-1: Called Strike
2-2: Foul Ball, location: 2F
2-2: Ball
3-2: SINGLE (Groundball, 4MD, EV 98.8 MPH)
Batting: RHB Justin Lauderdale 0-0: Ball
1-0: Foul Ball, location: 2F
1-1: Ball
2-1: Foul Ball, location: 2F
2-2: Fly out, F9 (Line Drive, 9D, EV 105.0 MPH)
Batting: SHB Valentin Laporte 0-0: Ball
1-0: Called Strike
Mitch Boyd steals 2nd base
1-1: Swinging Strike
1-2: Foul Ball, location: 2F
1-2: Foul Ball, location: 2F
1-2: Ball
2-2: Foul Ball, location: 2F
2-2: Foul Ball, location: 2F
2-2: SINGLE (Groundball, 25, EV 65.6 MPH) (infield hit)
Mitch Boyd to third
Batting: LHB Esteban Cordova 0-0: Ball
1-0: Called Strike
1-1: Foul Ball, location: 2F
1-2: Ball
2-2: Foul Ball, location: 2F
2-2: Ball
3-2: Fly out, F8 (Line Drive, 8RS, EV 91.2 MPH)
Runner from 3rd tags up, OUT at HOME! 8-2
Bottom of the 3rd over - 0 runs, 2 hits, 0 errors, 1 left on base; Birmingham 0 - Akron 1
TOP OF THE 4TH
Birmingham Barons batting - Pitching for Akron RubberDucks : RHP Chris DeVall
Batting: LHB Dalton Silveira 0-0: Called Strike
0-1: Swinging Strike
0-2: Ball
1-2: Strikes out swinging
Batting: LHB Larry Myers 0-0: Ground out 6-3 (Groundball, 6M, EV 76.9 MPH)
Batting: LHB Matt Hyde 0-0: Ball
1-0: SINGLE (Groundball, 25, EV 75.0 MPH) (infield hit)
Batting: RHB Josiah Wright 0-0: Ball
1-0: Fielders Choice at 2nd, 6-4 (Groundball, 6, EV 95.0 MPH)
Top of the 4th over - 0 runs, 1 hit, 0 errors, 1 left on base; Birmingham 0 - Akron 1
BOTTOM OF THE 4TH
Akron RubberDucks batting - Pitching for Birmingham Barons : RHP Matt Constantino
Batting: RHB Tristan Wright 0-0: Called Strike
0-1: Fly out, F9 (Flyball, 9D, EV 106.9 MPH)
Batting: RHB Joeri Plas 0-0: Ground out 6-3 (Groundball, 6, EV 87.5 MPH)
Batting: RHB Charles Marcel 0-0: Ball
1-0: Called Strike
1-1: Called Strike
1-2: Ball
2-2: Hit by Pitch
Batting: SHB Javon Mitchell 0-0: Called Strike
0-1: Swinging Strike
0-2: Ball
1-2: Strikes out looking
Bottom of the 4th over - 0 runs, 0 hits, 0 errors, 1 left on base; Birmingham 0 - Akron 1
TOP OF THE 5TH
Birmingham Barons batting - Pitching for Akron RubberDucks : RHP Chris DeVall
Batting: RHB Mike Savage 0-0: Foul Ball, location: 2F
0-1: Called Strike
0-2: Ball
1-2: SINGLE (Groundball, 5S, EV 66.2 MPH) (infield hit)
Batting: RHB Kevin Chafe 0-0: 2-RUN HOME RUN (Flyball, 7D, EV 95.0 MPH), Distance : 375 ft
Batting: RHB Toichiro Fujimoto 0-0: Foul Ball, location: 2F
0-1: Ball
1-1: Swinging Strike
1-2: Foul Ball, location: 2F
1-2: Strikes out swinging
Batting: SHB Josh Conner 0-0: Ball
1-0: Swinging Strike
1-1: Ground out U3 (Groundball, 34, EV 91.9 MPH)
Batting: RHB John Iddings 0-0: Ground out 5-3 (Groundball, 5, EV 107.5 MPH)
Top of the 5th over - 2 runs, 2 hits, 0 errors, 0 left on base; Birmingham 2 - Akron 1
BOTTOM OF THE 5TH
Akron RubberDucks batting - Pitching for Birmingham Barons : RHP Matt Constantino
Batting: RHB George Wagner 0-0: Ball
1-0: Foul Ball, location: 2F
1-1: Ball
2-1: Ground out 5-3 (Groundball, 56, EV 85.6 MPH)
Batting: RHB Mitch Boyd 0-0: Ball
1-0: Ball
2-0: Called Strike
2-1: Foul Ball, location: 2F
2-2: Strikes out swinging
Batting: RHB Justin Lauderdale 0-0: SOLO HOME RUN (Flyball, 78XD, EV 107.5 MPH), Distance : 412 ft
Batting: SHB Valentin Laporte 0-0: Ball
1-0: Ball
2-0: Ball
3-0: Called Strike
3-1: Called Strike
3-2: Fly out, F8 (Flyball, 78M, EV 78.1 MPH)
Bottom of the 5th over - 1 run, 1 hit, 0 errors, 0 left on base; Birmingham 2 - Akron 2
TOP OF THE 6TH
Birmingham Barons batting - Pitching for Akron RubberDucks : RHP Chris DeVall
Batting: LHB Dalton Silveira 0-0: Ground out 6-3 (Groundball, 6, EV 79.4 MPH)
Batting: LHB Larry Myers 0-0: Called Strike
0-1: Foul Ball, location: 2F
0-2: Ball
1-2: Foul Ball, location: 2F
1-2: Ball
2-2: Ball
3-2: Strikes out swinging
Batting: LHB Matt Hyde 0-0: Swinging Strike
0-1: Swinging Strike
0-2: Ball
1-2: Strikes out swinging
Top of the 6th over - 0 runs, 0 hits, 0 errors, 0 left on base; Birmingham 2 - Akron 2
BOTTOM OF THE 6TH
Akron RubberDucks batting - Pitching for Birmingham Barons : RHP Matt Constantino
Batting: LHB Esteban Cordova 0-0: Ball
1-0: Called Strike
1-1: Ball
2-1: DOUBLE (Line Drive, 7LD, EV 103.1 MPH)
Pitching: RHP Jon Manwaring
Batting: RHB Tristan Wright 0-0: Fly out, F7 (Flyball, 78M, EV 96.2 MPH)
Batting: RHB Joeri Plas 0-0: Ball
1-0: Ball
2-0: Called Strike
2-1: Ball
3-1: Base on Balls
Pinch Hitting: LHB Robby Dann 0-0: Called Strike
0-1: Ball
1-1: Ball
2-1: Called Strike
2-2: Strikes out looking
Batting: SHB Javon Mitchell 0-0: Called Strike
0-1: SINGLE (Groundball, 4M, EV 107.5 MPH) (infield hit)
Esteban Cordova to third
Joeri Plas to second
Pinch Runner at 1st Jarrod Lindblad:
Batting: RHB George Wagner 0-0: Ball
1-0: Foul Ball, location: 2F
1-1: Ball
2-1: Foul Ball, location: 2F
2-2: Strikes out swinging
Bottom of the 6th over - 0 runs, 2 hits, 0 errors, 3 left on base; Birmingham 2 - Akron 2
TOP OF THE 7TH
Birmingham Barons batting - Pitching for Akron RubberDucks : RHP Chris DeVall
Now at 3B: Edwin Dominguez
Now at SS: Rico Coss
Batting: RHB Josiah Wright 0-0: Ball
1-0: Foul Ball, location: 2F
1-1: Foul Ball, location: 2F
1-2: Foul Ball, location: 2F
1-2: Foul Ball, location: 2F
1-2: Ball
2-2: Strikes out swinging
Batting: RHB Mike Savage 0-0: Swinging Strike
0-1: Ball
1-1: Foul Ball, location: 2F
1-2: Ball
2-2: Foul Ball, location: 2F
2-2: Foul Ball, location: 2F
2-2: Ball
3-2: Ground out 5-3 (Groundball, 56S, EV 81.2 MPH)
Batting: RHB Kevin Chafe 0-0: Called Strike
0-1: SINGLE (Groundball, 34, EV 108.8 MPH)
Batting: RHB Toichiro Fujimoto 0-0: Called Strike
0-1: Called Strike
0-2: Strikes out looking and he ARGUES THE CALL AND IS TOSSED!
Top of the 7th over - 0 runs, 1 hit, 0 errors, 1 left on base; Birmingham 2 - Akron 2
BOTTOM OF THE 7TH
Akron RubberDucks batting - Pitching for Birmingham Barons : RHP Jon Manwaring
Pitching: LHP Kenny Morman
Now at C: Noel Wilson
Batting: RHB Mitch Boyd 0-0: Foul Ball, location: 2F
0-1: Called Strike
0-2: SINGLE (Flyball, 89S, EV 91.2 MPH)
Batting: RHB Justin Lauderdale 0-0: Ball
1-0: Sac Bunt to 13S - play at first, batter OUT! 1-3
Mitch Boyd to second
Batting: SHB Valentin Laporte 0-0: SINGLE (Groundball, 4MD, EV 88.8 MPH) (infield hit)
Mitch Boyd to third
Batting: LHB Esteban Cordova 0-0: Called Strike
0-1: Ball
1-1: Ball
2-1: Called Strike
2-2: Ball
3-2: Foul Ball, location: 2F
3-2: Base on Balls
Valentin Laporte to second
Batting: RHB Tristan Wright 0-0: Fly out, F8 (Flyball, 78M, EV 91.9 MPH)
Runner from 3rd tags up, SCORES, no throw by CF
Batting: RHB Joeri Plas 0-0: Ball
Wild Pitch!
Valentin Laporte to third
Esteban Cordova to second
1-0: Called Strike
1-1: Ball
2-1: Fly out, F5 (Popup, 25F, EV 83.1 MPH)
Bottom of the 7th over - 1 run, 2 hits, 0 errors, 2 left on base; Birmingham 2 - Akron 3
TOP OF THE 8TH
Birmingham Barons batting - Pitching for Akron RubberDucks : RHP Chris DeVall
Batting: SHB Josh Conner 0-0: Foul Ball, location: 2F
0-1: Ball
1-1: Called Strike
1-2: Ground out U3 (Groundball, 3, EV 88.8 MPH)
Pitching: LHP Gil Longoria
Batting: RHB John Iddings 0-0: Ball
1-0: Foul Ball, location: 2F
1-1: Ball
2-1: Ball
3-1: Base on Balls
Batting: LHB Dalton Silveira 0-0: 2-RUN HOME RUN (Flyball, 9D, EV 103.8 MPH), Distance : 384 ft
Batting: LHB Larry Myers 0-0: Called Strike
0-1: Hit by Pitch
Batting: LHB Matt Hyde 0-0: Called Strike
0-1: Foul Ball, location: 2F
0-2: Ball
1-2: Foul Ball, location: 2F
1-2: Ball
2-2: Foul Ball, location: 2F
2-2: Strikes out swinging
Batting: RHB Josiah Wright 0-0: Ball
1-0: Ground out 5-3 (Groundball, 5S, EV 67.5 MPH)
Top of the 8th over - 2 runs, 1 hit, 0 errors, 1 left on base; Birmingham 4 - Akron 3
BOTTOM OF THE 8TH
Akron RubberDucks batting - Pitching for Birmingham Barons : LHP Kenny Morman
Pitching: RHP Rick Sacket
Now at 2B: Jason Bresnahan
Batting: RHB Rico Coss 0-0: Ball
1-0: Ball
2-0: Ball
3-0: Base on Balls
Batting: SHB Edwin Dominguez 0-0: Bunted foul
0-1: Bunted foul
0-2: Fly out, F7 (Flyball, 7LSF, EV 83.1 MPH)
Batting: RHB George Wagner 0-0: Bunted foul
0-1: Sac Bunt to 2R - play at first, batter OUT! 2-3
Rico Coss to second
Batting: RHB Mitch Boyd 0-0: Fly out, F8 (Line Drive, 8RM, EV 98.8 MPH)
Bottom of the 8th over - 0 runs, 0 hits, 0 errors, 1 left on base; Birmingham 4 - Akron 3
TOP OF THE 9TH
Birmingham Barons batting - Pitching for Akron RubberDucks : LHP Gil Longoria
Pitching: RHP Jim Averette
Batting: RHB Mike Savage 0-0: Ball
1-0: Ground out 4-3 (Groundball, 4, EV 87.5 MPH)
Batting: RHB Kevin Chafe 0-0: Called Strike
0-1: Called Strike
0-2: Foul Ball, location: 2F
0-2: Ball
1-2: Strikes out swinging
Batting: LHB Noel Wilson 0-0: Called Strike
0-1: Swinging Strike
0-2: Ball
1-2: Foul Ball, location: 2F
1-2: Foul Ball, location: 2F
1-2: Ground out 4-3 (Groundball, 4, EV 90.0 MPH)
Top of the 9th over - 0 runs, 0 hits, 0 errors, 0 left on base; Birmingham 4 - Akron 3
BOTTOM OF THE 9TH
Akron RubberDucks batting - Pitching for Birmingham Barons : RHP Rick Sacket
Pitching: RHP Maury Compson
Batting: RHB Justin Lauderdale 0-0: Ball
1-0: Ball
2-0: DOUBLE (Flyball, 9D, EV 88.1 MPH)
Batting: SHB Valentin Laporte 0-0: Ball
1-0: Ball
2-0: Called Strike
2-1: Ball
3-1: Base on Balls
Batting: LHB Esteban Cordova 0-0: Called Strike
0-1: Foul Ball, location: 2F
0-2: Strikes out swinging
Batting: RHB Tristan Wright 0-0: Ball
1-0: Foul Ball, location: 2F
1-1: Ball
2-1: SINGLE (Line Drive, 7S, EV 110.0 MPH)
Justin Lauderdale to third
Valentin Laporte to second
Runner from 3rd tries for Home, SAFE, throw by LF to home
Batting: RHB Joeri Plas 0-0: Fly out, F8 (Flyball, 8RXD, EV 99.4 MPH)
Runner from 2nd tags up, SAFE at 3rd, no throw by CF
Batting: RHB Rico Coss 0-0: Ball
Tristan Wright steals 2nd base (no throw)
1-0: Foul Ball, location: 2F
1-1: Ball
2-1: Ball
3-1: SINGLE (Groundball, 6MD, EV 96.2 MPH)
Valentin Laporte scores
Bottom of the 9th over - 2 runs, 3 hits, 0 errors, 2 left on base; Birmingham 4 - Akron 5
Tuesday, March 28th , 2023 - OOTP Baseball 23.10 Build 110